AoeStats
← maarc1992

Nomad

510066453Analyzed
3v3 RM · 2d ago on Sep 29, 2026· 67m 23s· 6 players
Game mode
Random Map
Map size
210×210
Population
200
Speed
Normal
Resources
Standard
Victory
Conquest
Starting age
Dark Age
Ending age
Imperial Age
RankedLock teamsTeams togetherTeam positionsShared explorationLock speedFull tech treeHidden civsTurbo modeCheats
Victory
Defeat
🇮🇱 Malay · Israel
742
+14
🇩🇪 Vietnamese · Germany
735
+14
🇪🇸 Portuguese · Spain
700
+15
🇦🇺 Japanese · Australia
725
-16
678
-14
🇮🇳 Huns · India
662
-13
LittleChaosed
9:29 Loom
13:55 Feudal Age
18:09 Double-Bit Axe
21:12 Castle Age
19:38 Town Watch
20:30 Forging
20:11 Fletching
22:39 Thumb Ring
21:54 Crossbowman
23:30 Horse Collar
24:35 Crossbowman
26:04 Bloodlines
26:54 Husbandry
31:17 Heavy Plow
31:55 Padded Archer Armor
31:56 Scale Mail Armor
33:42 Ballistics
33:17 Murder Holes
34:43 Leather Archer Armor
34:23 Bodkin Arrow
37:14 Squires
38:37 Wheelbarrow
38:22 Pikeman
40:56 Scale Mail Armor
41:31 Iron Casting
42:32 Hand Cart
47:25 Imperial Age
48:43 Arbalester
50:33 Chain Mail Armor
50:49 Ring Archer Armor
50:43 Bow Saw
50:53 Halberdier
58:06 Bracer
58:36 Ring Archer Armor
58:37 Plate Mail Armor
57:56 Capped Ram
64:06 Chemistry
63:24 Siege Engineers
64:56 Two-Man Saw
Sam-Ba-Kaka
17:38 Feudal Age
31:18 Wheelbarrow
41:02 Castle Age
maarc1992
5:21 Loom
18:54 Feudal Age
21:09 Double-Bit Axe
21:08 Horse Collar
22:32 Gold Mining
22:36 Stone Mining
24:19 Forging
24:10 Scale Mail Armor
23:36 Man-at-Arms
24:02 Arson
30:55 Castle Age
30:53 Fletching
31:09 Scale Barding Armor
32:11 Wheelbarrow
31:21 Town Watch
32:14 Heavy Plow
33:20 Stone Shaft Mining
32:59 Bow Saw
32:18 Long Swordsman
32:19 Pikeman
32:47 Gambesons
33:39 Iron Casting
33:20 Chain Mail Armor
33:10 Caravan
39:15 Imperial Age
40:07 Two-Handed Swordsman
40:48 Champion
42:15 Conscription
43:11 Ballistics
42:48 Murder Holes
43:04 Fortified Wall
43:55 Chemistry
44:10 Two-Man Saw
43:36 Hand Cart
44:29 Crop Rotation
46:53 Blast Furnace
46:24 Plate Mail Armor
47:47 Elite Caravel
50:43 Fishing Lines
54:29 Bloodlines
54:20 Husbandry
53:41 Light Cavalry
53:41 Cavalier
57:28 Town Patrol
59:14 Elite Organ Gun
Radolf
5:13 Loom
14:22 Feudal Age
15:39 Wheelbarrow
14:51 Town Watch
16:28 Man-at-Arms
19:49 Scale Mail Armor
22:51 Horse Collar
22:59 Double-Bit Axe
28:12 Castle Age
26:19 Stone Mining
26:54 Gold Mining
27:59 Fletching
29:19 Bodkin Arrow
31:32 Murder Holes
35:10 Hand Cart
37:21 Gold Shaft Mining
38:53 Bow Saw
38:46 Heavy Plow
47:54 Imperial Age
汉东省太想进步厅长
3:16 Loom
15:36 Feudal Age
16:00 Man-at-Arms
17:24 Arson
20:38 Scale Mail Armor
22:31 Fishing Lines
28:03 Forging
30:25 Castle Age
29:31 Double-Bit Axe
34:43 Gillnets
35:11 Horse Collar
35:18 Long Swordsman
37:21 Iron Casting
36:41 Fletching
37:26 Masonry
38:44 Chain Mail Armor
39:23 Squires
39:23 Bodkin Arrow
45:53 Imperial Age
45:21 Scale Barding Armor
48:56 Wheelbarrow
49:17 Conscription
50:51 Plate Mail Armor
50:37 Two-Handed Swordsman
52:41 Hoardings
52:46 Heavy Plow
54:14 Chemistry
53:13 Murder Holes
53:57 Ballistics
53:01 Capped Ram
55:47 Champion
56:21 Elite Gbeto
57:56 Treadmill Crane
58:47 Architecture
58:30 Fortified Wall
58:29 Thumb Ring
59:06 Tigui
59:09 Farimba
59:51 Sappers
betalbaadshah
8:03 Loom
22:09 Feudal Age
23:25 Double-Bit Axe
23:29 Horse Collar
23:42 Gold Mining
23:45 Stone Mining
24:53 Wheelbarrow
24:16 Fishing Lines
24:41 Town Watch
27:09 Scale Barding Armor
27:04 Scale Mail Armor
27:15 Forging
27:06 Padded Archer Armor
26:57 Fletching
30:45 Castle Age
32:20 Husbandry
32:31 Bloodlines
33:15 Hand Cart
34:06 Gillnets
35:38 Bow Saw
35:36 Heavy Plow
36:16 Gold Shaft Mining
36:16 Chain Barding Armor
36:57 Town Patrol
38:03 Bodkin Arrow
38:24 Leather Archer Armor
38:21 Marauders
44:44 Thumb Ring
59:52 Imperial Age
57:04 Elite Skirmisher
62:59 Cavalier
63:03 Light Cavalry
Connection lost

Rejoining the realm…

Still unreachable

The connection could not be restored.

Session expired

The server has moved on; the page needs a fresh start.